 Seeded DCSS version 0.31-a0-983-g7b6862f502 (webtiles) character file.

Game seed: 13263922787007048489 (custom seed)

38 thriggle the Trooper (level 3, 0/37 HPs)
             Began as an Ogre Gladiator on Nov 2, 2023.
             Succumbed to an adder's poison
             ... on level 2 of the Dungeon.
             The game lasted 00:03:58 (1073 turns).

thriggle the Trooper (Ogre Gladiator)               Turns: 1073, Time: 00:03:58

Health: 0/37       AC:  3    Str: 23    XL:     3   Next: 43%
Magic:  3/3        EV: 10    Int:  9    God:
Gold:   98         SH:  0    Dex: 10    Spells: 2/2 levels left

rFire   . . .        a - +0 flail
rCold   + . .        (no shield)
rNeg    + . .        b - +0 robe
rPois   .            c - +0 hat
rElec   .            (no cloak)
rCorr   .            (gloves unavailable)
SInv    .            (boots unavailable)
Will    .....        p - amulet "Bolas" {Faith rC+ rN+ Str+3}
Stlth   +            (no ring)
HPRegen 0.26/turn    (no ring)
MPRegen 0.08/turn

%: faith
@: lethally poisoned (0 -> -1), invisible
A: large, unfitting armour, tough skin 1
a: no special abilities


You were on level 2 of the Dungeon.
You visited 1 branch of the dungeon, and saw 2 of its levels.

You collected 98 gold pieces.

Inventory:

Hand Weapons
 a - a +0 flail (weapon)
Missiles
 d - 3 throwing nets (quivered)
 e - a large rock
 i - 9 stones
Armour
 b - a +0 robe (worn)
 c - a +0 hat (worn)
Jewellery
 p - the amulet "Bolas" (around neck) {Faith rC+ rN+ Str+3}
   (You acquired it on level 2 of the Dungeon)

   [amulet of faith]

   Faith:     It allows you to gain divine favour quickly.
   Str+3:     It affects your strength (+3).
   rC+:       It protects you from cold.
   rN+:       It protects you from negative energy.
Scrolls
 h - 2 scrolls of teleportation {unknown}
 m - 3 scrolls of identify
 n - a scroll of vulnerability {unknown}
Potions
 f - a potion of might {unknown}
 g - a potion of lignification {unknown}
 j - a potion of invisibility
 k - a potion of enlightenment {unknown}
 l - a potion of brilliance {unknown}
 o - a potion of haste {unknown}


   Skills:
 + Level 3.4 Fighting
 + Level 3.0 Maces & Flails
 + Level 2.5 Throwing
 + Level 3.1 Dodging


You had 2 spell levels left.
You didn't know any spells.
Your spell library was empty.

Dungeon Overview and Level Annotations

Branches:
Dungeon (2/15)

Altars:
Ashenzari


Innate Abilities, Weirdness & Mutations

You are too large for most types of armour.
You have tough skin. (AC +1)


Message History

You feel sick.
You feel sick.
You are no longer poisoned.
The adder barely misses you. The adder attacks as it pursues you!
The adder closely misses you.
You closely miss the adder.
The adder is moderately wounded.
You hit the ball python.
You kill the ball python!
The adder bites you. x2
The adder bites you.
You are poisoned.
The adder poisons you!
You see here a ball python corpse.
You feel sick. The adder barely misses you.
You barely miss the adder.
The adder is lightly wounded.
You feel sick. The adder bites you.
* * * LOW HITPOINT WARNING * * *
You are more poisoned.
The adder poisons you!
You closely miss the adder.
The adder is lightly wounded.
You feel sick. The adder bites you.
* * * LOW HITPOINT WARNING * * *
The adder bites you.
* * * LOW HITPOINT WARNING * * *
You barely miss the adder.
The adder is lightly wounded.
* * * LOW HITPOINT WARNING * * *
You feel sick. The adder bites you.
* * * LOW HITPOINT WARNING * * *
The adder closely misses you.
You closely miss the adder.
The adder is lightly wounded.
* * * LOW HITPOINT WARNING * * *
You feel sick. The adder bites you but does no damage.
It was a potion of invisibility.
You fade into invisibility!
You die...

##.# #.# #...
##.†## #.# #...
##8..8###
#.......##
#....>.....#
#.##8..8##.###
#.. ##..###...#
.. #...####S###
###....#@..###
....).......#
...............
.._.........##.
............#
............#
.##.........#
##.$.......
#..........


You could see an adder (unable to see you).

Vanquished Creatures
  An adder (D:2)
  2 endoplasms (D:1)
  2 giant cockroaches (D:1)
  2 goblins (D:1)
  4 hobgoblins (D:1)
  A quokka (D:1)
  4 ball pythons
  4 bats
  2 frilled lizards (D:1)
  4 kobolds (D:1)
  A rat (D:2)
27 creatures vanquished.

Notes
Turn   | Place    | Note
-------+----------+-------------------------------------------
     0 | D:1      | thriggle the Ogre Gladiator began the quest for the Orb.
     0 | D:1      | Reached XP level 1. HP: 22/22 MP: 1/1
   124 | D:1      | Reached XP level 2. HP: 21/29 MP: 2/2
   315 | D:1      | You fall into a shaft and drop 1 floor!
   862 | D:2      | Reached XP level 3. HP: 32/37 MP: 3/3
  1033 | D:2      | Identified a scroll of acquirement
  1034 | D:2      | Acquired the amulet "Bolas" {Faith rC+ rN+ Str+3}
  1051 | D:2      | Found a broken altar of Ashenzari.
  1072 | D:2      | HP: 1/37 [poisoned by an adder]
  1073 | D:2      | Succumbed to an adder's poison

Illustrated notes

Levels and vault maps discovered:
D:1:      psy_arrival_fountain, layout_basic, minmay_hexomino_f4
D:2:      layout_basic, serial_shops, shop, basic_altar, st_stairs_6,
          skrybe_limestone_x

Skill      XL: |  1  2 |
---------------+-------+-----
Fighting       | 3 |  3.4
Dodging        | 3 |  3.1
Maces & Flails | 3 |  3.0
Throwing       | |  2.5

Action                     || total
---------------------------++-------
  Melee: Flail             ||    98
    Use: Scroll            ||     2
         Potion            ||     1
   Stab: Sleeping          ||     1
 Armour: Robe              ||    88
  Dodge: Dodged            ||    59

Table legend: (Time is in decaauts)
 A = Elapsed time spent in this place.
 B = Non-inter-level travel time spent in this place.
 C = Inter-level travel time spent in this place.
 D = Time resting spent in this place.
 E = Time spent auto-exploring this place.
 F = Levels seen in this place.
 G = Mean time per level.
                   A        B        C        D        E       F      G
               +--------+--------+--------+--------+--------+-----+--------+
         Total |   1097 |   1080 |     17 |      0 |    494 |   2 |  548.5 |
       Dungeon |   1097 |   1080 |     17 |      0 |    494 |   2 |  548.5 |
               +--------+--------+--------+--------+--------+-----+--------+

Top non-repeatable levels by time:
     D:1: 852 daAuts
     D:2: 245 daAuts
